AoeStats
← BoxHead

Nomad

503544670Analyzed
4v4 RM · 1mo ago on Sep 1, 2026· 56m 21s· 8 players
Game mode
Random Map
Map size
231×231
Population
200
Speed
Normal
Resources
Standard
Victory
Conquest
Starting age
Dark Age
Ending age
Imperial Age
RankedLock teamsTeams togetherTeam positionsShared explorationLock speedFull tech treeHidden civsTurbo modeCheats
Victory
Defeat
🇨🇦 Japanese · Canada
1950
+8
🇺🇸 Chinese · United States
1923
+9
🇨🇦 Slavs · Canada
1835
+13
🇲🇽 Cumans · Mexico
1704
+19
🇻🇳 Vikings · Vietnam
1905
-18
🇺🇸 Celts · United States
1766
-12
🇺🇸 Burgundians · United States
1726
-10
🇨🇳 Koreans · China
1654
-8
Lastmantillidie
6:12 Loom
8:38 Double-Bit Axe
15:22 Feudal Age
19:33 Castle Age
18:14 Bow Saw
17:50 Fishing Lines
20:41 Fletching
24:45 Bodkin Arrow
42:04 Horse Collar
45:06 Wheelbarrow
45:19 Fervor
47:01 Town Watch
48:48 Hand Cart
49:55 Heavy Plow
minhcrypto91
5:03 Loom
12:26 Feudal Age
15:10 Double-Bit Axe
18:16 Gold Mining
21:14 Castle Age
19:47 Gold Mining
22:15 Medium Warships
23:04 Bow Saw
23:56 Wheelbarrow
25:15 Medium Warships
31:43 Horse Collar
35:59 Imperial Age
34:33 Scale Mail Armor
34:44 Forging
36:04 Chain Mail Armor
36:34 Elite Woad Raider
38:27 Chain Mail Armor
42:36 Hand Cart
44:25 Plate Mail Armor
45:06 Heavy Plow
46:09 Iron Casting
46:51 Town Watch
48:34 Blast Furnace
49:13 Fletching
49:23 Padded Archer Armor
49:13 Elite Skirmisher
50:21 Bodkin Arrow
51:02 Leather Archer Armor
51:08 Ballistics
51:53 Chemistry
53:03 Ring Archer Armor
YYQ
4:17 Loom
13:50 Feudal Age
19:44 Castle Age
19:40 Fletching
21:19 Double-Bit Axe
32:06 Bow Saw
38:36 Town Watch
38:59 Horse Collar
43:43 Wheelbarrow
45:22 Heavy Plow
47:57 Gold Mining
49:43 Medium Warships
51:38 Stone Mining
saymynameBook
4:34 Loom
7:11 Loom
12:18 Feudal Age
16:12 Castle Age
15:13 Fletching
15:17 Double-Bit Axe
16:11 Fishing Lines
16:19 Crossbowman
17:33 Bodkin Arrow
20:25 Padded Archer Armor
20:35 Bow Saw
23:04 Medium Warships
24:58 Horse Collar
34:14 Imperial Age
32:16 Gold Mining
32:17 Stone Mining
34:00 Ballistics
35:13 Bracer
37:57 Arbalester
39:14 Leather Archer Armor
42:13 Chemistry
43:01 Conscription
42:25 Capped Ram
43:50 Gold Shaft Mining
44:26 Bogsveigar
44:58 Town Watch
45:15 Heavy Plow
45:47 Coinage
47:41 Elite Berserk
49:32 Chieftains
49:49 Scale Mail Armor
50:00 Forging
50:18 Squires
51:18 Chain Mail Armor
52:40 Iron Casting
53:12 Plate Mail Armor
55:40 Blast Furnace
54:39 Arson
develement
3:09 Loom
13:13 Feudal Age
17:54 Castle Age
16:09 Double-Bit Axe
17:00 Fishing Lines
18:54 Fletching
22:45 Bodkin Arrow
23:59 Horse Collar
27:12 Town Watch
29:03 Bow Saw
30:17 Ballistics
30:35 Wheelbarrow
32:13 Padded Archer Armor
32:48 Heavy Plow
36:27 Leather Archer Armor
36:39 Hand Cart
39:32 Masonry
39:37 Gold Mining
43:37 Imperial Age
43:45 Imperial Age
42:33 Gold Shaft Mining
41:49 Stone Mining
43:24 Stone Shaft Mining
44:20 Herbal Medicine
44:27 Bracer
44:48 Conscription
45:51 Two-Man Saw
45:22 Ring Archer Armor
45:13 Thumb Ring
47:08 Rocketry
48:44 Chemistry
49:24 Arrowslits
50:09 Architecture
50:48 Guard Tower
50:31 Elite Chu Ko Nu
51:13 Great Wall
53:14 Keep
53:49 Coinage
Arcy
4:55 Loom
12:07 Feudal Age
17:57 Double-Bit Axe
27:45 Town Watch
28:43 Horse Collar
32:05 Wheelbarrow
33:46 Gold Mining
33:50 Fletching
36:04 Castle Age
35:12 Stone Mining
35:16 Fletching
37:48 Bow Saw
37:41 Heavy Plow
40:22 Imperial Age
38:51 Bodkin Arrow
39:41 Masonry
41:21 Scale Barding Armor
41:57 Bloodlines
43:53 Padded Archer Armor
45:38 Chemistry
44:41 Elite Skirmisher
Brunker
11:07 Loom
13:50 Feudal Age
14:43 Town Watch
17:25 Castle Age
15:56 Double-Bit Axe
17:00 Bloodlines
16:43 Horse Collar
17:51 Gold Mining
19:05 Bow Saw
19:10 Scale Barding Armor
20:17 Forging
23:33 Fishing Lines
24:39 Chain Barding Armor
26:02 Wheelbarrow
27:09 Husbandry
28:59 Fletching
29:12 Light Cavalry
38:57 Gillnets
43:38 Imperial Age
41:56 Stone Mining
43:47 Cavalier
45:03 Plate Barding Armor
49:28 Heavy Plow
52:50 Iron Casting
53:02 Hand Cart
53:05 Bodkin Arrow
56:06 Ballistics
BoxHead
13:53 Feudal Age
15:17 Town Watch
15:21 Double-Bit Axe
15:22 Fishing Lines
18:00 Castle Age
16:31 Loom
19:41 Bow Saw
20:12 Medium Warships
23:01 Fletching
23:03 Gold Mining
24:40 Forging
25:43 Clinker Construction
26:36 Padded Archer Armor
28:18 Gillnets
30:10 Wheelbarrow
30:07 Bodkin Arrow
30:50 Guard Tower
31:20 Ballistics
31:49 Demolition Ship
33:34 Stone Mining
36:55 Imperial Age
34:57 Husbandry
35:07 Bloodlines
35:17 Thumb Ring
35:52 Padded Archer Armor
37:19 Leather Archer Armor
37:44 Bloodlines
37:43 Bracer
38:08 Ballistics
38:50 Chemistry
39:00 Leather Archer Armor
39:35 Ballistics
40:28 Conscription
40:49 Horse Collar
41:44 Parthian Tactics
43:17 Scale Mail Armor
44:40 Chain Mail Armor
46:36 Plate Mail Armor
46:09 Squires
45:49 Heavy Cavalry Archer
47:44 Kataparuto
47:15 Elite Samurai
48:33 Iron Casting
48:43 Coinage
48:35 Siege Engineers
48:50 Yasama
48:48 Arson
50:03 Keep
49:13 Arrowslits
50:09 Coinage
51:36 Gold Shaft Mining
52:01 Two-Man Saw
51:21 Masonry
50:52 Treadmill Crane
50:57 Arrowslits
51:08 Murder Holes
51:57 Banking
52:36 Blast Furnace
53:06 Ring Archer Armor
53:51 Hoardings
54:04 Heavy Warships
Connection lost

Rejoining the realm…

Still unreachable

The connection could not be restored.

Session expired

The server has moved on; the page needs a fresh start.